 Dungeon Crawl Stone Soup version 0.29-a0-1039-gfc20370e89 (webtiles) character file.

Game seed: 10978559880660917668

11 Plasmagod the Shield-Bearer (level 2, -2/24 HPs)
             Began as a Formicid Fighter on Aug 15, 2022.
             Succumbed to a kobold's poison
             ... on level 1 of the Dungeon.
             The game lasted 00:00:52 (270 turns).

Plasmagod the Shield-Bearer (Formicid Fighter)       Turns: 270, Time: 00:00:53

Health: -2/24      AC:  6    Str: 20    XL:     2   Next: 35%
Magic:  2/2        EV:  9    Int:  7    God:
Gold:   3          SH:  5    Dex: 13    Spells: 1/1 levels left

rFire   . . .      SeeInvis +   a - +0 war axe
rCold   . . .      Faith    .   c - +0 buckler
rNeg    . . .      Spirit   .   b - +0 scale mail
rPois   .          Reflect  .   (helmet unavailable)
rElec   .          Harm     .   (no cloak)
rCorr   .          Rampage  .   (no gloves)
Will    .....                   (no boots)
Stlth   ..........              (no amulet)
HPRegen 0.08/turn               (no ring)
MPRegen 0.08/turn               (no ring)

@: lethally poisoned (-2 -> -16)
A: permanent stasis, dig shafts and tunnels, antennae 3, four strong arms
a: Dig, Shaft Self


You were on level 1 of the Dungeon.
You visited 1 branch of the dungeon, and saw 1 of its levels.

You collected 3 gold pieces.

Inventory:

Hand Weapons
 a - a +0 war axe (weapon)
Missiles
 e - a throwing net (quivered)
 g - 4 atropa-tipped darts
Armour
 b - a +0 scale mail (worn)
 c - a +0 buckler (worn)
Scrolls
 f - a scroll of identify {unknown}
Potions
 d - a potion of might


   Skills:
 - Level 3.4 Fighting
 + Level 2.3 Axes
 - Level 3.4 Armour
 - Level 4.2 Shields


You had one spell level left.
You didn't know any spells.
Your spell library was empty.

Dungeon Overview and Level Annotations

Branches:
Dungeon (1/15)

Altars:


Innate Abilities, Weirdness & Mutations

You cannot be hasted, slowed, berserked, paralysed or teleported.
You can dig through walls and to a lower floor.
You have a pair of large antennae on your head. (SInv)
Your four strong arms can wield two-handed weapons with a shield.


Message History

Found a faded altar of an unknown god.
There is a dry fountain here.
You sense a monster nearby.
A kobold comes into view.
It is wielding a +0 short sword of venom.
You block the kobold's attack.
You hit the kobold.
The kobold is moderately wounded.
The kobold hits you but does no damage.
You are poisoned.
You miss the kobold.
The kobold is moderately wounded.
You feel sick. You block the kobold's attack.
The kobold hits you but does no damage.
You are more poisoned.
You hit the kobold but do no damage.
The kobold is moderately wounded.
You feel very sick. The kobold hits you but does no damage.
You are lethally poisoned!
You miss the kobold.
The kobold is moderately wounded.
You feel very sick. You block the kobold's attack.
You are too injured to fight recklessly!
You are too injured to fight recklessly!
You are too injured to fight recklessly!
You hit the kobold but do no damage.
The kobold is moderately wounded.
* * * LOW HITPOINT WARNING * * *
You feel very sick. The kobold closely misses you.
The kobold hits you but does no damage.
You are more poisoned.
You barely miss the kobold.
The kobold is moderately wounded.
* * * LOW HITPOINT WARNING * * *
You feel very sick. The kobold barely misses you.
You hit the kobold but do no damage.
The kobold is moderately wounded.
You die...

... .... #... #...
### #..#+# #.. #..#!#
#..
###..#$############..
#...........#.##.....
#.#.@#.####.#.##.....
#K.#.###.._..+.....
.............##.....
#.#..#.####∩.⌠##.....
#.#..#.# #.#.##.....
# #..#.# #.#........
.....# #.#.###+###
#..# #.#.# #.#.#


You could see a kobold.

Vanquished Creatures
  A bat (D:1)
  4 endoplasms (D:1)
  2 goblins (D:1)
  2 rats (D:1)
9 creatures vanquished.

Notes
Turn   | Place    | Note
-------+----------+-------------------------------------------
     0 | D:1      | Plasmagod the Formicid Fighter began the quest for the Orb.
     0 | D:1      | Reached XP level 1. HP: 18/18 MP: 1/1
    68 | D:1      | Reached XP level 2. HP: 24/24 MP: 2/2
   246 | D:1      | Found a faded altar of an unknown god.
   269 | D:1      | HP: 1/24 [poisoned by a kobold]
   270 | D:1      | Succumbed to a kobold's poison

Illustrated notes

Levels and vault maps discovered:
D:1:      kennysheep_arrival_forest, layout_basic,
          ebering_ecumenical_altar_abandoned, minmay_pentomino_z4

Action                   || total
-------------------------++-------
Melee: War axe           ||    22
Armor: Scale mail        ||    13
Dodge: Dodged            ||    10
Block: Buckler           ||     8

Table legend: (Time is in decaauts)
 A = Elapsed time spent in this place.
 B = Non-inter-level travel time spent in this place.
 C = Inter-level travel time spent in this place.
 D = Time resting spent in this place.
 E = Time spent auto-exploring this place.
 F = Levels seen in this place.
 G = Mean time per level.
                   A        B        C        D        E       F      G
               +--------+--------+--------+--------+--------+-----+--------+
         Total |    278 |    278 |      0 |      0 |    216 |   1 |  278.0 |
       Dungeon |    278 |    278 |      0 |      0 |    216 |   1 |  278.0 |
               +--------+--------+--------+--------+--------+-----+--------+

Top non-repeatable levels by time:
     D:1: 278 daAuts
